 Dungeon Crawl Stone Soup version 0.22-a0-433-gd2a9cce0b5 (webtiles) character file.

47 MirrMurr the Sneak (level 3, 0/16 HPs)
             Began as a Spriggan Enchanter on May 27, 2018.
             Slain by an adder (5 damage)
             ... on level 2 of the Dungeon.
             The game lasted 00:04:44 (1915 turns).

MirrMurr the Sneak (Spriggan Enchanter)             Turns: 1915, Time: 00:04:45

Health: 0/16       AC:  2    Str:  5    XL:     3   Next: 48%
Magic:  1/8        EV: 18    Int: 16    God:
Gold:   68         SH:  0    Dex: 16    Spells: 1/7 levels left

rFire    . . .     SeeInvis +   a - +1 dagger
rCold    . . .     Gourm    .   (shield restricted)
rNeg     + . .     Faith    .   m - +0 robe
rPois    .         Spirit   .   (helmet restricted)
rElec    .         Reflect  .   (no cloak)
rCorr    .         Harm     .   (gloves unavailable)
MR       .....                  (boots unavailable)
Stlth    +++.......             d - amulet of magic regeneration
HPRegen  0.05/turn              n - ring of positive energy
MPRegen  0.36/turn              (no ring)

@: very quick
A: very small, unfitting armour, see invisible, herbivore, speed 3, slow
metabolism 2
a: no special abilities


You were on level 2 of the Dungeon.
You were not hungry.

You visited 1 branch of the dungeon, and saw 2 of its levels.

You collected 68 gold pieces.

Inventory:

Hand Weapons
 a - a +1 dagger (weapon)
 b - a +0 hunting sling
Missiles
 f - 60 stones (quivered)
 h - 13 sling bullets
Armour
 m - a +0 robe (worn)
Jewellery
 d - an amulet of magic regeneration (around neck)
 i - an uncursed ring of poison resistance {unknown}
 n - a ring of positive energy (left hand)
 o - an uncursed ring of ice
Scrolls
 e - a scroll of enchant weapon {unknown}
 j - a scroll of magic mapping
 k - a scroll of teleportation {unknown}
 r - a scroll of remove curse
Potions
 g - 2 potions of invisibility {unknown}
 l - a potion of lignification
 p - a potion of curing
 q - a potion of heal wounds {unknown}
 s - a potion of resistance {unknown}
Comestibles
 c - 3 rations


   Skills:
 + Level 2.7 Short Blades
 - Level 3.0 Dodging
 + Level 5.8 Stealth
 - Level 2.6 Spellcasting
 - Level 3.6 Hexes


You had one spell level left.
You knew the following spells:

 Your Spells              Type           Power        Failure   Level  Hunger
a - Ensorcelled Hibernat  Hex/Ice        #.....       14%         2    ##.....
b - Confuse               Hex            ##......     13%         3    ###....
C - Corona                Hex            ##.....      4%          1    #......

Your spell library contained the following spells:

 Spells                   Type           Power        Failure   Level  Hunger
 Tukima's Dance           Hex            ##......     13%         3    ###....
 Dazzling Spray           Conj/Hex       #.....       28%         3    ###....


Dungeon Overview and Level Annotations

Branches:
Dungeon (2/15)

Altars:


Innate Abilities, Weirdness & Mutations

You are very small and have problems with some larger weapons.
You are too small for most types of armour.
You have supernaturally acute eyesight. (SInv)
You are a herbivore.
You cover ground extremely quickly.
You need to consume almost no food.


Message History

Press: ? - help, Shift-Dir - straight line, f/p - adder
Aim: an adder (chance to defeat MR: 48%)
The adder resists with some effort.
The adder misses you. The adder bites you.
Casting: Ensorcelled Hibernation (safe; 14% risk of failure)
Confirm with . or Enter, or press ? or * to list all spells.
Aiming: Ensorcelled Hibernation (safe; 14% risk of failure)
Press: ? - help, Shift-Dir - straight line, f/p - adder
Aim: an adder (chance to defeat MR: 48%)
The adder resists with some effort.
The adder bites you.
Casting: Ensorcelled Hibernation (safe; 14% risk of failure)
Confirm with . or Enter, or press ? or * to list all spells.
Aiming: Ensorcelled Hibernation (safe; 14% risk of failure)
Press: ? - help, Shift-Dir - straight line, f/p - adder
Aim: an adder (chance to defeat MR: 48%)
The adder resists with some effort.
The adder bites you.
You hit the adder.
The adder is lightly wounded.
The adder completely misses you. The adder bites you.
You die...

.#######....#.# .#
#####.#.##.##########
.###.....#....##........
..##.###########........
#..#............>.......
.....####...............
.....# #...............
.....# #.....!<........
.....# #.......@S.#
.....# #..........#
.....# #.[....(...#
.....+ #.....(....#
.....#.##.#..(..####
.....#....##(#### ######
#...# ##########.###
†...[......#


You could see an adder.

Vanquished Creatures
  An ooze (D:1)
  A worm (D:2)
  3 dart slugs (D:1)
  A leopard gecko (D:1)
  A giant cockroach (D:2)
  4 goblins (D:1)
  A hobgoblin (D:1)
  3 jackals (D:2)
  7 bats
  4 frilled lizards (D:1)
  6 kobolds
  2 rats (D:1)
34 creatures vanquished.

Notes
Turn   | Place    | Note
-------+----------+-------------------------------------------
     0 | D:1      | MirrMurr the Spriggan Enchanter began the quest for the Orb.
     0 | D:1      | Reached XP level 1. HP: 9/9 MP: 5/5
   328 | D:1      | Reached skill level 5 in Stealth
   328 | D:1      | Reached XP level 2. HP: 13/13 MP: 6/6
   354 | D:1      | Learned a level 2 spell: Ensorcelled Hibernation
   805 | D:1      | Reached XP level 3. HP: 11/16 MP: 8/8
   810 | D:1      | Learned a level 3 spell: Confuse
  1915 | D:2      | Slain by an adder

Vault maps used:
D:1:      dpeg_arrival_arbitrary_b, dk_noncrumbling_4, minmay_hexomino_f4

Skill      XL: |  1  2 |
---------------+-------+-----
Stealth        | 5 |  5.8
Short Blades   | 2 |  2.7
Dodging        | |  3.0
Spellcasting   | |  2.6
Hexes          | |  3.6

Action                   || total
-------------------------++-------
Melee: Dagger            ||   143
 Fire: Hunting sling     ||    25
 Cast: Ensorcelled Hiber ||     4
  Use: Scroll            ||     6
 Stab: Sleeping          ||    10
Armor: Robe              ||    17
Dodge: Dodged            ||   115

Table legend:
 A = Spawn XP
 B = Non-spawn XP
 C = Spawn XP percentage of total XP
 D = Spawn monster count
 E = Non-spawn monster count
 F = Spawn count percentage of total count
 G = Total turns spent on level
                    A         B        C        D         E        F      G
               +---------+---------+-------+---------+---------+-------+---------
         Total |       0 |      68 |   0.0 |       0 |      34 |   0.0 |  1915
               +---------+---------+-------+---------+---------+-------+---------
           D:1 |       0 |      46 |   0.0 |       0 |      22 |   0.0 |  1280
           D:2 |       0 |      22 |   0.0 |       0 |      12 |   0.0 |   635
               +---------+---------+-------+---------+---------+-------+---------
